PBL
TIJUANA TOROS @ ROSWELL INVADERS
07/10/2046
 
TOP OF THE 1ST
Tijuana Toros batting - Pitching for Roswell Invaders : RHP Joe Mulholland
Pitching: RHP Joe Mulholland
Batting: RHB Jason Baldwin 0-0: Ball
1-0: Ball
2-0: Called Strike
2-1: Ground out 6-3 (Groundball, 6, EV 103.8 MPH)
Batting: LHB Fernão Manta 0-0: Called Strike
0-1: Ball
1-1: Ball
2-1: Ball
3-1: Swinging Strike
3-2: Ground out U3 (Groundball, 3, EV 92.5 MPH)
Batting: LHB Chris Buchan 0-0: Swinging Strike
0-1: Foul Ball, location: 2F
0-2: Strikes out looking
Top of the 1st over - 0 runs, 0 hits, 0 errors, 0 left on base; Tijuana 0 - Roswell 0
BOTTOM OF THE 1ST
Roswell Invaders batting - Pitching for Tijuana Toros : RHP Guy Jerome
Pitching: RHP Guy Jerome
Batting: LHB Danny Salas 0-0: Called Strike
0-1: Called Strike
0-2: Foul Ball, location: 2F
0-2: Ground out 6-3 (Groundball, 4M, EV 77.5 MPH)
Batting: RHB Hector Tabares 0-0: Ball
1-0: Ball
2-0: Called Strike
2-1: Ball
3-1: Base on Balls
Batting: LHB Nelson Pelico 0-0: Ball
1-0: Called Strike
1-1: Foul Ball, location: 2F
1-2: Fly out, F5 (Popup, 5F, EV 55.0 MPH)
Batting: RHB Cesar Rendon 0-0: Called Strike
0-1: Swinging Strike
0-2: Ball
1-2: Strikes out swinging
Bottom of the 1st over - 0 runs, 0 hits, 0 errors, 1 left on base; Tijuana 0 - Roswell 0
TOP OF THE 2ND
Tijuana Toros batting - Pitching for Roswell Invaders : RHP Joe Mulholland
Batting: LHB Jim Jardine 0-0: Ball
1-0: Ball
2-0: Ball
3-0: Called Strike
3-1: Ground out 4-3 (Groundball, 4M, EV 100.0 MPH)
Batting: RHB Makoto Narita 0-0: Ball
1-0: Ball
2-0: Ball
3-0: Called Strike
3-1: SOLO HOME RUN (Flyball, 7D, EV 99.4 MPH), Distance : 373 ft
Batting: RHB Roberto Sotelo 0-0: Ball
1-0: Foul Ball, location: 2F
1-1: Swinging Strike
1-2: Foul Ball, location: 2F
1-2: Strikes out swinging
Batting: RHB Kekoa Kahele 0-0: Ball
1-0: Called Strike
1-1: Foul Ball, location: 2F
1-2: Foul Ball, location: 2F
1-2: Ball
2-2: Strikes out swinging
Top of the 2nd over - 1 run, 1 hit, 0 errors, 0 left on base; Tijuana 1 - Roswell 0
BOTTOM OF THE 2ND
Roswell Invaders batting - Pitching for Tijuana Toros : RHP Guy Jerome
Batting: RHB Jimmy McIntosh 0-0: Ball
1-0: Swinging Strike
1-1: Ball
2-1: Ball
3-1: Base on Balls
Batting: LHB Falco van Koeveringe 0-0: Called Strike
0-1: Swinging Strike
0-2: Strikes out swinging
Batting: RHB John Ricketts 0-0: Foul Ball, location: 2F
0-1: Ball
1-1: 2-RUN HOME RUN (Flyball, 7D, EV 98.1 MPH), Distance : 379 ft
Batting: LHB Angelo Lira 0-0: Ball
1-0: Ground out 4-3 (Groundball, 4, EV 106.9 MPH)
Batting: RHB Devon House 0-0: Ball
1-0: Ball
2-0: Called Strike
2-1: Foul Ball, location: 2F
2-2: Strikes out swinging
Bottom of the 2nd over - 2 runs, 1 hit, 0 errors, 0 left on base; Tijuana 1 - Roswell 2
TOP OF THE 3RD
Tijuana Toros batting - Pitching for Roswell Invaders : RHP Joe Mulholland
Batting: LHB Pedro Garza 0-0: Foul Ball, location: 2F
0-1: Ball
1-1: Ball
2-1: Ball
3-1: Base on Balls
Batting: SHB Alex Noval 0-0: Ball
1-0: Ball
2-0: Called Strike
2-1: Ball
3-1: Called Strike
3-2: Foul Ball, location: 2F
3-2: Fly out, F9 (Flyball, 9, EV 84.4 MPH)
Batting: RHB Jason Baldwin 0-0: Ball
1-0: Called Strike
1-1: Ball
2-1: Swinging Strike
2-2: Ball
3-2: Strikes out looking
Batting: LHB Fernão Manta 0-0: Ball
1-0: Ball
2-0: Ball
3-0: Base on Balls
Pedro Garza to second
Batting: LHB Chris Buchan 0-0: Fly out, F7 (Flyball, 7LM, EV 84.4 MPH)
Top of the 3rd over - 0 runs, 0 hits, 0 errors, 2 left on base; Tijuana 1 - Roswell 2
BOTTOM OF THE 3RD
Roswell Invaders batting - Pitching for Tijuana Toros : RHP Guy Jerome
Batting: LHB Danny Salas 0-0: Called Strike
0-1: Swinging Strike
0-2: Foul Ball, location: 2F
0-2: Ball
1-2: Ball
2-2: Strikes out swinging
Batting: RHB Hector Tabares 0-0: Ball
1-0: Foul Ball, location: 2F
1-1: Foul Ball, location: 2F
1-2: Ball
2-2: Fly out, F7 (Flyball, 78M, EV 86.2 MPH)
Batting: LHB Nelson Pelico 0-0: Ball
1-0: Called Strike
1-1: Ground out 4-3 (Groundball, 4, EV 89.4 MPH)
Bottom of the 3rd over - 0 runs, 0 hits, 0 errors, 0 left on base; Tijuana 1 - Roswell 2
TOP OF THE 4TH
Tijuana Toros batting - Pitching for Roswell Invaders : RHP Joe Mulholland
Batting: LHB Jim Jardine 0-0: Called Strike
0-1: Ball
1-1: Foul Ball, location: 2F
1-2: Ball
2-2: Strikes out swinging
Batting: RHB Makoto Narita 0-0: Called Strike
0-1: Ball
1-1: Ball
2-1: Foul Ball, location: 2F
2-2: Strikes out looking
Batting: RHB Roberto Sotelo 0-0: Called Strike
0-1: Called Strike
0-2: Ball
1-2: Fly out, F6 (Popup, 4MD, EV 65.0 MPH)
Top of the 4th over - 0 runs, 0 hits, 0 errors, 0 left on base; Tijuana 1 - Roswell 2
BOTTOM OF THE 4TH
Roswell Invaders batting - Pitching for Tijuana Toros : RHP Guy Jerome
Batting: RHB Cesar Rendon 0-0: Called Strike
0-1: SINGLE (Flyball, 78S, EV 96.2 MPH)
Batting: RHB Jimmy McIntosh 0-0: Called Strike
0-1: Ball
1-1: Swinging Strike
1-2: Foul Ball, location: 2F
1-2: Ball
2-2: Ball
3-2: Strikes out swinging
Batting: LHB Falco van Koeveringe 0-0: Grounds into double play, 6-4-3 (Groundball, 6, EV 76.9 MPH)
Bottom of the 4th over - 0 runs, 1 hit, 0 errors, 0 left on base; Tijuana 1 - Roswell 2
TOP OF THE 5TH
Tijuana Toros batting - Pitching for Roswell Invaders : RHP Joe Mulholland
Batting: RHB Kekoa Kahele 0-0: Bunted foul
0-1: Swinging Strike
0-2: Ball
1-2: Strikes out swinging
Batting: LHB Pedro Garza 0-0: Ball
1-0: Foul Ball, location: 2F
1-1: Ball
2-1: Foul Ball, location: 2F
2-2: Strikes out swinging
Batting: SHB Alex Noval 0-0: Called Strike
0-1: Ball
1-1: Called Strike
1-2: Ground out 6-3 (Groundball, 6M, EV 85.0 MPH)
Top of the 5th over - 0 runs, 0 hits, 0 errors, 0 left on base; Tijuana 1 - Roswell 2
BOTTOM OF THE 5TH
Roswell Invaders batting - Pitching for Tijuana Toros : RHP Guy Jerome
Batting: RHB John Ricketts 0-0: Ball
1-0: Ball
2-0: Called Strike
2-1: Swinging Strike
2-2: Strikes out swinging
Batting: LHB Angelo Lira 0-0: Ball
1-0: Called Strike
1-1: Swinging Strike
1-2: Ball
2-2: Foul Ball, location: 2F
2-2: Ball
3-2: Strikes out swinging
Batting: RHB Devon House 0-0: Foul Ball, location: 2F
0-1: Swinging Strike
0-2: Ball
1-2: Strikes out looking
Bottom of the 5th over - 0 runs, 0 hits, 0 errors, 0 left on base; Tijuana 1 - Roswell 2
TOP OF THE 6TH
Tijuana Toros batting - Pitching for Roswell Invaders : RHP Joe Mulholland
Batting: RHB Jason Baldwin 0-0: Ground out 6-3 (Groundball, 6, EV 79.4 MPH)
Batting: LHB Fernão Manta 0-0: Swinging Strike
0-1: Fly out, F9 (Flyball, 9, EV 92.5 MPH)
Batting: LHB Chris Buchan 0-0: Foul Ball, location: 2F
0-1: Ball
1-1: Swinging Strike
1-2: Ball
2-2: Strikes out swinging
Top of the 6th over - 0 runs, 0 hits, 0 errors, 0 left on base; Tijuana 1 - Roswell 2
BOTTOM OF THE 6TH
Roswell Invaders batting - Pitching for Tijuana Toros : RHP Guy Jerome
Batting: LHB Danny Salas 0-0: Ball
1-0: Foul Ball, location: 2F
1-1: Fly out, F5 (Line Drive, 5, EV 75.6 MPH)
Batting: RHB Hector Tabares 0-0: Ball
1-0: Ball
2-0: Ball
3-0: Base on Balls
Batting: LHB Nelson Pelico 0-0: Ball
1-0: Foul Ball, location: 2F
1-1: Ball
2-1: SINGLE (Groundball, 4MD, EV 103.8 MPH)
Hector Tabares to second
Batting: RHB Cesar Rendon 0-0: Ball
1-0: Called Strike
1-1: Ball
2-1: SINGLE (Groundball, 4MD, EV 96.2 MPH)
Hector Tabares to third
Nelson Pelico to second
Runner from 3rd tries for Home, throw by CF and OUT! 8-2
Nelson Pelico to third
Cesar Rendon to second
Batting: RHB Jimmy McIntosh 0-0: Ball
1-0: Called Strike
1-1: Called Strike
1-2: Strikes out looking
Bottom of the 6th over - 0 runs, 2 hits, 0 errors, 2 left on base; Tijuana 1 - Roswell 2
TOP OF THE 7TH
Tijuana Toros batting - Pitching for Roswell Invaders : RHP Joe Mulholland
Pitching: LHP Liu-liang Zhu
Pinch Hitting: RHB Juan Gallegos 0-0: Foul Ball, location: 2F
0-1: Ball
1-1: Foul Ball, location: 2F
1-2: Ball
2-2: Ball
3-2: Foul Ball, location: 2F
3-2: Foul Ball, location: 2F
3-2: Strikes out swinging, 2-3 out at first.
Batting: RHB Makoto Narita 0-0: Ball
1-0: Fly out, F5 (Popup, 5, EV 60.0 MPH)
Batting: RHB Roberto Sotelo 0-0: Foul Ball, location: 2F
0-1: Ball
1-1: Ball
2-1: Called Strike
2-2: Ball
3-2: Foul Ball, location: 2F
3-2: Foul Ball, location: 2F
3-2: Foul Ball, location: 2F
3-2: Foul Ball, location: 2F
3-2: Base on Balls
Pitching: RHP Sergio Reyes
Batting: RHB Kekoa Kahele 0-0: Ball
1-0: Called Strike
1-1: Ball
2-1: Ball
3-1: Swinging Strike
3-2: Base on Balls
Roberto Sotelo to second
Batting: RHB David Watkins 0-0: Ball
1-0: Ball
2-0: SINGLE (Groundball, 6MD, EV 100.0 MPH)
Roberto Sotelo to third
Kekoa Kahele to second
Runner from 3rd tries for Home, SAFE, throw by CF to home
Pinch Hitting: RHB Adam Maczko 0-0: Called Strike
0-1: Fly out, F9 (Flyball, 9S, EV 87.5 MPH)
Top of the 7th over - 1 run, 1 hit, 0 errors, 2 left on base; Tijuana 2 - Roswell 2
BOTTOM OF THE 7TH
Roswell Invaders batting - Pitching for Tijuana Toros : RHP Guy Jerome
Now at SS: Tan-ming Kwan
Now in CF: Kekoa Kahele
Now in RF: Juan Gallegos
Batting: LHB Falco van Koeveringe 0-0: Called Strike
0-1: Fly out, F7 (Flyball, 7LM, EV 76.9 MPH)
Batting: RHB John Ricketts 0-0: Ball
1-0: Ball
2-0: Swinging Strike
2-1: Foul Ball, location: 2F
2-2: Ground out 6-3 (Groundball, 6M, EV 90.0 MPH)
Batting: LHB Angelo Lira 0-0: Ball
1-0: Called Strike
1-1: Foul Ball, location: 2F
1-2: Foul Ball, location: 2F
1-2: Fly out, F7 (Line Drive, 8LM, EV 87.5 MPH)
Bottom of the 7th over - 0 runs, 0 hits, 0 errors, 0 left on base; Tijuana 2 - Roswell 2
TOP OF THE 8TH
Tijuana Toros batting - Pitching for Roswell Invaders : RHP Sergio Reyes
Pitching: LHP Sam Davis
Batting: RHB Jason Baldwin 0-0: Ball
1-0: Ball
2-0: Called Strike
2-1: Ball
3-1: Base on Balls
Batting: LHB Fernão Manta 0-0: Foul Ball, location: 2F
0-1: Ball
1-1: DOUBLE (Flyball, 8LXD, EV 111.9 MPH)
Jason Baldwin to third
Pinch Hitting: RHB Djoka Subasic 0-0: Fly out, F6 (Line Drive, 6, EV 71.2 MPH)
Batting: RHB Juan Gallegos 0-0: Intentional Walk
Batting: RHB Makoto Narita 0-0: Called Strike
0-1: Swinging Strike
0-2: Strikes out swinging
Batting: RHB Roberto Sotelo 0-0: Foul Ball, location: 2F
0-1: Foul Ball, location: 2F
0-2: Ground out 4-3 (Groundball, 34D, EV 90.0 MPH)
Top of the 8th over - 0 runs, 1 hit, 0 errors, 3 left on base; Tijuana 2 - Roswell 2
BOTTOM OF THE 8TH
Roswell Invaders batting - Pitching for Tijuana Toros : RHP Guy Jerome
Now at 1B: Carlos Gonzalez
Pinch Hitting: RHB David Powell 0-0: Ball
1-0: SINGLE (Groundball, 6MD, EV 98.8 MPH)
Pitching: RHP Keith Birely
Batting: LHB Danny Salas 0-0: Sac Bunt to 13S - play at first, batter OUT! 1-4
David Powell to second
Batting: RHB Hector Tabares 0-0: Fly out, F8 (Flyball, 78D, EV 101.9 MPH)
Batting: LHB Nelson Pelico 0-0: Ball
1-0: Ball
2-0: Foul Ball, location: 2F
2-1: Ball
3-1: Called Strike
3-2: Ground out 6-3 (Groundball, 56, EV 110.6 MPH)
Bottom of the 8th over - 0 runs, 1 hit, 0 errors, 1 left on base; Tijuana 2 - Roswell 2
TOP OF THE 9TH
Tijuana Toros batting - Pitching for Roswell Invaders : LHP Sam Davis
Now at 3B: Carlos Gonzalez
Batting: RHB Kekoa Kahele 0-0: Fly out, F8 (Flyball, 8RD, EV 93.8 MPH)
Batting: RHB David Watkins 0-0: Ball
1-0: Called Strike
1-1: Swinging Strike
1-2: Strikes out swinging
Batting: RHB Tan-ming Kwan 0-0: Ball
1-0: Ball
2-0: Called Strike
2-1: SINGLE (Groundball, 56S, EV 71.2 MPH) (infield hit)
Batting: RHB Jason Baldwin 0-0: Ball
1-0: Hit by Pitch
Tan-ming Kwan to second
Batting: LHB Fernão Manta 0-0: Foul Ball, location: 2F
0-1: Foul Ball, location: 2F
0-2: Ball
1-2: Ball
2-2: Ball
3-2: SINGLE (Flyball, 9LS, EV 88.8 MPH)
Tan-ming Kwan to third
Jason Baldwin to second
Tan-ming Kwan scores
Jason Baldwin to third
Batting: RHB Carlos Gonzalez 0-0: Called Strike
0-1: Ball
1-1: Ball
2-1: Foul Ball, location: 2F
2-2: SINGLE (Flyball, 34D, EV 98.1 MPH)
Jason Baldwin scores
Fernão Manta to second
Throwing error, E9
Fernão Manta scores
Carlos Gonzalez to second
Pitching: LHP Ricky Ramirez
Batting: RHB Juan Gallegos 0-0: Ball
1-0: Ball
2-0: Called Strike
2-1: Foul Ball, location: 2F
2-2: Reached on error, E5 (Groundball, 56, EV 111.9 MPH)
Carlos Gonzalez to third
Batting: RHB Makoto Narita 0-0: Swinging Strike
0-1: Ball
1-1: Foul Ball, location: 2F
1-2: Foul Ball, location: 2F
1-2: Ball
2-2: Ball
3-2: Foul Ball, location: 2F
3-2: Strikes out swinging
Top of the 9th over - 3 runs, 3 hits, 2 errors, 2 left on base; Tijuana 5 - Roswell 2
BOTTOM OF THE 9TH
Roswell Invaders batting - Pitching for Tijuana Toros : RHP Keith Birely
Pitching: LHP Conor Bailey
Now in CF: Yok-sing Zhào
Now in RF: Kekoa Kahele
Batting: RHB Cesar Rendon 0-0: Foul Ball, location: 2F
0-1: Ball
1-1: Ball
2-1: Foul Ball, location: 2F
2-2: Foul Ball, location: 2F
2-2: Ball
3-2: Strikes out swinging
Batting: RHB Jimmy McIntosh 0-0: Ball
1-0: Ball
2-0: Called Strike
2-1: SINGLE (Groundball, 34D, EV 100.6 MPH)
Batting: LHB Falco van Koeveringe 0-0: Called Strike
0-1: Foul Ball, location: 2F
0-2: Strikes out swinging
Batting: RHB John Ricketts 0-0: Called Strike
0-1: Ball
1-1: Foul Ball, location: 2F
1-2: Strikes out swinging
Bottom of the 9th over - 0 runs, 1 hit, 0 errors, 1 left on base; Tijuana 5 - Roswell 2
Tuesday, September 13th , 2022 - OOTP Baseball 23.7 Build 88